 Dungeon Crawl Stone Soup version 0.18.1-48-g4cf74bf (webtiles) character file.

210 luca467 the Skirmisher (level 5, -2/43 HPs)
             Began as a Demonspawn Fighter on Sept 12, 2016.
             Was a Follower of Dithmenos.
             Slain by an adder (4 damage)
             ... on level 3 of the Dungeon.
             The game lasted 00:13:56 (3032 turns).

luca467 the Skirmisher (Demonspawn Fighter)         Turns: 3032, Time: 00:13:57

Health: -2/43      AC:  8    Str: 17    XL:     5   Next: 57%
Magic:  5/5        EV:  8    Int:  9    God:    Dithmenos [*.....]
Gold:   103        SH: 11    Dex: 13    Spells: 0 memorised, 4 levels left

rFire  . . .     SeeInvis .     a - +0 long sword
rCold  . . .     Gourm    .     x - +0 leather armour
rNeg   . . .     Faith    .     c - +0 shield
rPois  .         Spirit   .     t - +0 helmet
rElec  .         Dismiss  .     y - +0 cloak
rCorr  .         Reflect  .     m - +0 pair of gloves
SustAt .         Harm     .     (no boots)
MR     .....                    (no amulet)
Stlth  ++........               (no ring)
                                (no ring)

@: lethally poisoned (-2 -> -3), flying, slowed, wreathed by umbra, very slow,
not resistant to hostile enchantments, unstealthy
A: large bone plates 1, rot immunity
a: Renounce Religion


You were on level 3 of the Dungeon.
You worshipped Dithmenos.
Dithmenos was aware of your devotion.
You were very hungry.

You visited 1 branch of the dungeon, and saw 3 of its levels.

You collected 103 gold pieces.

Inventory:

Hand Weapons
 a - a +0 long sword (weapon)
 d - a +3 dagger
Missiles
 e - 2 tomahawks (quivered)
Armour
 c - a +0 shield (worn)
 m - a +0 pair of gloves (worn)
 t - a +0 helmet (worn)
 x - a +0 leather armour (worn)
 y - a +0 cloak (worn)
Scrolls
 l - a scroll of fog {unknown}
 o - a scroll of teleportation {unknown}
 p - 2 scrolls of immolation {unknown}
 q - a scroll of blinking {unknown}
 r - 2 scrolls of remove curse
 u - a scroll of identify
 w - 3 scrolls of amnesia {unknown}
Potions
 b - a potion of cure mutation {unknown}
 h - a potion of invisibility {unknown}
 i - 2 potions of degeneration {unknown}
 k - a potion of brilliance {unknown}
 n - a potion of flight
 s - 2 potions of berserk rage {unknown}
Comestibles
 f - 5 bread rations
 g - a slice of pizza


   Skills:
 * Level 4.3 Fighting
 * Level 3.0 Long Blades
 + Level 3.2 Armour
 + Level 2.2 Stealth
 + Level 3.1 Shields


You had 4 spell levels left.
You didn't know any spells.

Dungeon Overview and Level Annotations

Branches:
Dungeon (3/15)

Altars:
Ashenzari
Dithmenos
Nemelex Xobeh


Innate Abilities, Weirdness & Mutations

You are partially covered in large bone plates (AC +2, SH +2).
You are immune to rotting.


Message History

You are too injured to fight recklessly!
You are too injured to fight recklessly!
You closely miss the adder.
The adder is heavily wounded.
The adder bites you.
* * * LOW HITPOINT WARNING * * *
The adder bites you but does no damage.
You miss the adder.
The adder is heavily wounded.
The adder closely misses you. The adder bites you.
* * * LOW HITPOINT WARNING * * *
You are poisoned.
The adder poisons you! The adder barely misses you.
* * * LOW HITPOINT WARNING * * *
You feel sick. You block the adder's attack.
Drink which item? (? for menu, Esc to quit)
It was a potion of flight.
You feel very buoyant.
You fly up into the air.
The adder bites you.
You die...

........#
##.#...#
........#
#.....#
.##.....#
##....#
#########
#....# ##...#
#.#.## #....#
#....# #..@.#
#.#S.#
########.#..#
#........#o.##
##########).>#
.. #)#.# #.
#)#.#
'#####'##.#.#
.....o....#.#


You could see an orc wizard and an adder.

Vanquished Creatures
  An orc priest (D:3)
  An orc wizard (D:3)
  Robin (D:2)
  4 adders
  2 oozes
  2 worms (D:2)
  3 dart slugs
  11 orcs (D:3)
  2 ball pythons
  4 bats
  A giant cockroach (D:2)
  14 goblins
  7 hobgoblins
  4 jackals
  5 giant newts
  5 kobolds
  10 rats
77 creatures vanquished.

Notes
Turn   | Place    | Note
--------------------------------------------------------------
     0 | D:1      | luca467 the Demonspawn Fighter began the quest for the Orb.
     0 | D:1      | Reached XP level 1. HP: 18/18 MP: 1/1
   366 | D:1      | Gained mutation: You are immune to rotting. [demonic ancestry]
   366 | D:1      | Reached XP level 2. HP: 23/24 MP: 2/2
  1099 | D:1      | Reached skill level 1 in Stealth
  1225 | D:2      | Reached XP level 3. HP: 28/29 MP: 3/3
  1579 | D:2      | Found a sparkling altar of Nemelex Xobeh.
  1649 | D:2      | Noticed Robin
  1849 | D:2      | Killed Robin
  1849 | D:2      | Reached XP level 4. HP: 35/37 MP: 4/4
  1999 | D:2      | Found a shattered altar of Ashenzari.
  2035 | D:2      | Reached skill level 4 in Fighting
  2532 | D:3      | Found a shadowy altar of Dithmenos.
  2547 | D:3      | Became a worshipper of Dithmenos the Shadowed
  2974 | D:3      | Gained mutation: You are partially covered in large bone plates (AC +2, SH +2). [demonic ancestry]
  2974 | D:3      | Reached XP level 5. HP: 42/42 MP: 5/5
  2998 | D:3      | Reached * piety under Dithmenos
  3026 | D:3      | HP: 2/43 [poisoned by an adder]
  3031 | D:3      | HP: 2/43 [poisoned by an adder]
  3032 | D:3      | Slain by an adder

Skill      XL: |  1  2  3  4  5 |
---------------+----------------+-----
Stealth        | 1 2 |  2.2
Long Blades    | 2 3 |  3.0
Armour         | 3 |  3.2
Fighting       | 4 |  4.3
Shields        | 3 |  3.1

Action                   |  1- 3 |  4- 6 || total
-------------------------+-------+-------++-------
Melee: Long sword        |    97 |   141 ||   238
Throw: Tomahawk          |     2 |       ||     2
  Use: Scroll            |     3 |     1 ||     4
       Potion            |     1 |     2 ||     3
  Eat: Chunk             |     2 |     4 ||     6
Armor: Scale mail        |    64 |    36 ||   100
       Leather armour    |       |    14 ||    14
Dodge: Dodged            |    41 |    56 ||    97
Block: Shield            |    52 |    82 ||   134
